 Dungeon Crawl Stone Soup version 0.31-a0-1074-g0b22e4e0f1 (webtiles) character file.

Game seed: 8470334693872654904

1873621 Drazool the Planerender (level 27, 216/216 (228) HPs)
             Began as a Djinni Fire Elementalist on Nov 29, 2023.
             Was the Champion of Ashenzari.
             Escaped with the Orb
             ... and 3 runes on Dec 7, 2023!
             The game lasted 04:17:44 (57636 turns).

Drazool the Planerender (Djinni Fire Elementalist) Turns: 57636, Time: 04:17:44

HP:   216/216 (228) AC: 18    Str:  9    XL:     27
Gold: 9863          EV: 33    Int: 34    God:    Ashenzari [******] SH:  7 Dex: 24

rFire   + + .        N - +6 mace of the Prophetic Apathy {heavy, Will++ Stlth+, Melee, Dev} (curse)
rCold   x . .        B - +0 buckler of Ashenzari's Skepticism {Melee, Dev} (curse)
rNeg    . . .        u - +2 troll leather armour of the Eternal Augur {Regen+, Elem, Fort} (curse)
rPois   ∞            n - +1 helmet of the Enigmatic Fetters {Int+3, Dev, Elem} (curse)
rElec   +            p - +1 cloak "Urgency of Ashenzari" {Range, Melee} (curse)
rCorr   .            q - +2 pair of gloves "Eternal Fortune-Teller" {Cun, Fort} (curse)
SInv    +            (boots unavailable)
Will    ++++.        a - amulet of Vitality {RegenMP++ Regen++, Fort, Bglg} (curse)
Stlth   ++           S - ring of the Restrained Sorrow {Contam rElec rPois Int+6 Stlth+, Bglg, Fort} (curse)
HPRegen 2.96/turn    M - ring "Chained Negation" {Dex+6, Alch, Self} (curse)
MPRegen 0.00/turn

%: clarity
@: flying, studying Summonings, drained
A: sickness immunity, fire resistance 2, cold vulnerability 1, float, innate
caster, HP casting, extra vitality 1, mutation resistance 1
0: Orb of Zot
}: 3/15 runes: decaying, silver, gossamer
a: Renounce Religion, Shatter the Chains


You escaped.
You worshipped Ashenzari.
Ashenzari was exalted by your worship.
You visited 11 branches of the dungeon, and saw 51 of its levels.
You visited 1 bazaar.
You also visited: Gauntlet, Ice Cave, Volcano and Wizlab.

You collected 11113 gold pieces.
You spent 1250 gold pieces at shops.


Innate Abilities, Weirdness & Mutations

You are immune to sickness and miasma.
You are immune to poison.
Your flesh is very heat resistant. (rF++)
You are vulnerable to cold. (rC-)
You float through the air rather than walking.
You learn spells naturally, not from books.
Your magical power is your life essence.
You have superior vitality. (+4 MHP)
You are somewhat resistant to further mutation.


   Skills:
 - Level 24.9(27) Fighting
 - Level 19.0(24.4) Armour
 + Level 22.6(24.7) Dodging
 - Level 2.7(4.7) Stealth
 - Level 3.1(7.7) Shields
 - Level 23.9(26.0) Spellcasting
 - Level 23.9(27) Conjurations
 - Level 23.9(27) Hexes
 O Level 27 Summonings
 - Level 23.9 Necromancy
 - Level 23.9(27) Translocations
 - Level 23.9(26.0) Transmutations
 - Level 23.9(27) Fire Magic
 - Level 23.9(27) Ice Magic
 - Level 23.9(27) Air Magic
 - Level 23.9(27) Earth Magic
 - Level 23.9(26.0) Poison Magic
 - Level 18.0(22.5) Evocations


You knew the following spells:

 Your Spells              Type           Power      Damage    Failure   Level
a - Sigil of Binding      Hex            100%       N/A       0%          3
b - Vhi's Electric Charg  Tloc/Air       100%       N/A       0%          4
c - Plasma Beam           Fire/Air       61%        2x1d77    0%          6
d - Conjure Ball Lightni  Conj/Air       61%        3x3d22    0%          6
e - Enfeeble              Hex            61%        N/A       0%          7
f - Foxfire               Conj/Fire      100%       2x1d9     0%          1
g - Fire Storm            Conj/Fire      61%        8d16      1%          9
i - Irradiate             Conj/Tmut      61%        3d32      0%          5
l - Lee's Rapid Deconstr  Erth           61%        3d28*     0%          5
m - Maxwell's Capacitive  Air            61%        ∞         1%          8
r - Inner Flame           Hex/Fire       100%       N/A       0%          3
s - Slow                  Hex            100%       N/A       0%          1
t - Death Channel         Necr           59%        N/A       0%          6
u - Disjunction           Tloc           61%        N/A       1%          8
B - Blink                 Tloc           100%       N/A       0%          2
X - Scorch                Fire           100%       2d9       0%          2
Y - Volatile Blastmotes   Fire/Tloc      100%       2d18      0%          3
Z - Flame Wave            Conj/Fire      100%       2d21      0%          4
Your spell library was empty.

Inventory:

Hand Weapons
 G - a +0 hand cannon
 N - the cursed +6 mace of the Prophetic Apathy (weapon) {heavy, Will++ Stlth+, Melee, Dev}
   (You found it on level 4 of the Lair of Beasts)

   Will++:    It greatly increases your willpower.
   Stlth+:    It makes you more stealthy.
   It has a curse which improves the following skills: Melee Combat: Short
   Blades, Long Blades, Axes, Maces & Flails, Polearms, Staves and Unarmed
   Combat.
   Devices:   Evocations and Shapeshifting.
Missiles
 V - 13 javelins
Armour
 n - the cursed +1 helmet of the Enigmatic Fetters (worn) {Int+3, Dev, Elem}
   (You found it in a Gauntlet)

   It has a curse which improves the following skills: Devices: Evocations and
   Shapeshifting.
   Elements:  Fire Magic, Ice Magic, Air Magic and Earth Magic.
 p - the cursed +1 cloak "Urgency of Ashenzari" (worn) {Range, Melee}
   (You found it on level 4 of the Dungeon)

   It has a curse which improves the following skills: Ranged Combat: Ranged
   Weapons and Throwing.
   Melee Combat: Short Blades, Long Blades, Axes, Maces & Flails, Polearms,
   Staves and Unarmed Combat.
 q - the cursed +2 pair of gloves "Eternal Fortune-Teller" (worn) {Cun, Fort}
   (You found it on level 5 of the Dungeon)

   It has a curse which improves the following skills: Cunning: Dodging and
   Stealth.
   Fortitude: Armour and Shields.
 u - the cursed +2 troll leather armour of the Eternal Augur (worn) {Regen+, Elem, Fort}
   (You found it on level 12 of the Dungeon)

   Regen+:    It increases your rate of health regeneration.
   It has a curse which improves the following skills: Elements: Fire Magic, Ice
   Magic, Air Magic and Earth Magic.
   Fortitude: Armour and Shields.
 B - the cursed +0 buckler of Ashenzari's Skepticism (worn) {Melee, Dev}
   (You took it off a gnoll sergeant on level 11 of the Dungeon)

   It has a curse which improves the following skills: Melee Combat: Short
   Blades, Long Blades, Axes, Maces & Flails, Polearms, Staves and Unarmed
   Combat.
   Devices:   Evocations and Shapeshifting.
Magical Staves
 D - a staff of poison {!a}
 R - the staff "Vytijeqe" {rF+ rC+ rCorr Int+2 SInv Fire, !a}
   (You found it on level 3 of the Elven Halls)

   [staff of fire]

   Base accuracy: +5 Base damage: 5 Base attack delay: 1.2 This weapon's minimum
   attack delay (0.6) is reached at skill level 12.
   Int+2:     It affects your intelligence (+2).
   rF+:       It protects you from fire.
   rC+:       It protects you from cold.
   SInv:      It lets you see invisible.
   rCorr:     It protects you from acid and corrosion.
   Fire:      It increases the power of your Fire spells.
   It falls into the 'Staves' category.
   It is a one-handed weapon.
Jewellery
 a - the cursed amulet of Vitality (around neck) {RegenMP++ Regen++, Fort, Bglg}
   (You found it on level 12 of the Dungeon)

   [amulet of magic regeneration]

   RegenMP:   It increases your rate of magic regeneration.
   Regen++:   It increases your rate of health regeneration.
   It has a curse which improves the following skills: Fortitude: Armour and
   Shields.
   Beguiling: Conjurations, Hexes and Translocations.
 M - the cursed ring "Chained Negation" (right hand) {Dex+6, Alch, Self}
   (You took it off an orc priest on level 7 of the Dungeon)

   [ring of dexterity]

   Dex+6:     It affects your dexterity (+6).
   It has a curse which improves the following skills: Alchemy: Poison Magic and
   Transmutations.
   Introspection: Fighting and Spellcasting.
 S - the cursed ring of the Restrained Sorrow (left hand) {Contam rElec rPois Int+6 Stlth+, Bglg, Fort}
   (You took it off a deep elf sorcerer on level 3 of the Elven Halls)

   [ring of intelligence]

   Int+6:     It affects your intelligence (+6).
   rElec:     It insulates you from electricity.
   rPois:     It protects you from poison Contam: It causes magical
   contamination when unequipped.
   Stlth+:    It makes you more stealthy.
   It has a curse which improves the following skills: Beguiling: Conjurations,
   Hexes and Translocations.
   Fortitude: Armour and Shields.
Wands
 o - a wand of polymorph (56)
 r - a wand of mindburst (43)
 s - a wand of roots (86)
 y - a wand of flame (96)
 C - a wand of charming (62)
 F - a wand of light (20)
 X - a wand of digging (33)
Scrolls
 e - 13 scrolls of vulnerability
 i - 11 scrolls of immolation
 k - 8 scrolls of enchant armour
 m - 6 scrolls of enchant weapon
 t - 4 scrolls of revelation
 v - 6 scrolls of fear
 x - 9 scrolls of poison
 z - 5 scrolls of blinking
 A - 21 scrolls of teleportation {@r2}
 E - 5 scrolls of brand weapon
 L - 10 scrolls of summoning
 T - 7 scrolls of fog
 W - 4 scrolls of torment
Potions
 b - 10 potions of mutation
 c - 18 potions of curing {@q1}
 d - 9 potions of lignification
 f - 5 potions of ambrosia
 g - 7 potions of enlightenment
 j - 14 potions of might
 l - 3 potions of heal wounds {@q2}
 H - 7 potions of resistance
 I - 3 potions of invisibility
 J - 4 potions of brilliance
 O - 4 potions of haste {@q3}
 P - 2 potions of attraction
 Q - 7 potions of berserk rage {!q}
Miscellaneous
 w - a phantom mirror
 K - a condenser vane
 U - a lightning rod (4/4)
 Y - a phial of floods
 Z - a box of beasts

Dungeon Overview and Level Annotations

Branches:
Dungeon (15/15)            Temple (1/1) D:4            Lair (5/5) D:11
  Swamp (4/4) Lair:3       Spider (4/4) Lair:3        Slime (0/5) Lair:4
    Orc (2/2) D:9             Elf (3/3) Orc:2        Vaults (5/5) D:14
  Crypt (3/3) Vaults:3       Tomb (0/3) Crypt:3      Depths (4/4) D:15
    Zot (5/5) Depths:4      IceCv (visited)         Volcano (visited)
 WizLab (visited)         Gauntlet (visited)

Altars:
Ashenzari
Cheibriados
Dithmenos
Elyvilon
Fedhas
Gozag
Hepliaklqana
Makhleb
Nemelex Xobeh
Okawaru
Qazlal
Ru
Trog
Uskayaw
Wu Jian
Xom
Yredelemnul
Zin
The Shining One
Jiyva

Shops:
D:1 *   D:2 !   Orc:2 =(*[   Elf:1 =   Elf:2 *   Vaults:3 *   Vaults:4 :
Depths:1 *

Portals:
Hell: Lair:5 Depths:1 Depths:2 Depths:3 Depths:4
Abyss: Depths:2 Depths:3
Pandemonium: Depths:1 Depths:2
Ziggurat: Depths:1

Annotations:
D:7 3 runed translucent doors, pigah's ghost, novice OpSh
D:10 3 runed translucent doors, Arex's ghost, novice DgFi
Elf:2 3 runed translucent doors
Crypt:2 2 transporters, Goociwk's ghost, adept GrFi; Uniexadu's ghost, adept GrFi

..## ##.## #.# ######.##... ...#
#.# #.# #.#...... ...##
#.######.# #...∩∩... ....###
#........# #####..∩∩... .##...##
#.##########∩∩∩..#.#... ..###..#
#># ###............. ..#
##.####.### ##...............
#.####........###................
#..........>....@................
...#######..##.#####.....÷.......
#### #.....# #∩.##.∩##∩∩##∩
##.#..##################
##..................†....
#..##........############
#..##...(....# ##############


There were no monsters in sight!


Message History

As you read the scroll of blinking, it crumbles to dust.
There is a stone staircase leading up here.
You fly upwards.
There is a stone staircase leading down here.
A soul eater comes into view.
There is a stone staircase leading up here.
You fly upwards.
There is a stone staircase leading down here.
Okay, then.
An Arruts and a reaper come into view.
The reaper is wielding a +0 heavy scythe.
Aiming: Dig
Press: ? - help, Shift-Dir - straight line A rock wall.
This square is covered in magical glow.
The rock shatters into small pieces.
Blink to where?
Press: ? - help, Dir - move target
As you read the scroll of blinking, it crumbles to dust.
Blink to where?
Press: ? - help, Dir - move target
As you read the scroll of blinking, it crumbles to dust.
Aiming: Dig
Press: ? - help, Shift-Dir - straight line This square is covered in magical glow.
The rock shatters into small pieces.
Blink to where?
Press: ? - help, Dir - move target
As you read the scroll of blinking, it crumbles to dust.
You have escaped!

Skill      XL: |  1  2  3  4  5  6  7  8  9 10 11 12 13 14 15 16 17 18 19 20 21 22 23 24 25 26 27 |
---------------+----------------------------------------------------------------------------------+-----
Spellcasting   | 4 5 6 8 9 10 12 14 16 17 18 19 20 21 23 | 23.9
Conjurations   | 4 5 6 8 9 10 12 14 16 17 18 19 20 21 23 | 23.9
Hexes          | 4 5 6 8 9 10 12 14 16 17 18 19 20 21 23 | 23.9
Summonings     | 4 5 6 8 9 10 12 14 16 17 18 19 20 23 27 | 27.0
Necromancy     | 4 5 6 8 9 10 12 14 16 17 18 19 20 21 23 | 23.9
Translocations | 4 5 6 8 9 10 12 14 16 17 18 19 20 21 23 | 23.9
Transmutations | 4 5 6 8 9 10 12 14 16 17 18 19 20 21 23 | 23.9
Fire Magic     | 4 5 6 8 9 10 12 14 16 17 18 19 20 21 23 | 23.9
Ice Magic      | 4 5 6 8 9 10 12 14 16 17 18 19 20 21 23 | 23.9
Air Magic      | 4 5 6 8 9 10 12 14 16 17 18 19 20 21 23 | 23.9
Earth Magic    | 4 5 6 8 9 10 12 14 16 17 18 19 20 21 23 | 23.9
Poison Magic   | 4 5 6 8 9 10 12 14 16 17 18 19 20 21 23 | 23.9
Fighting       | 3 5 6 8 9 11 12 13 15 16 17 24 | 24.9
Dodging        | 4 5 6 7 9 11 15 18 22 | 22.6
Armour         | 2 9 15 19 | 19.0
Stealth        | 2 |  2.7
Shields        | 3 |  3.1
Evocations     | 6 10 13 15 16 17 18 | 18.0

Action                     |  1- 3 |  4- 6 |  7- 9 | 10-12 | 13-15 | 16-18 | 19-21 | 22-24 | 25-27 || total
---------------------------+-------+-------+-------+-------+-------+-------+-------+-------+-------++-------
  Melee: Short sword       |       |       |       |     4 |     3 |       |       |       |       ||     7
         Mace              |       |       |       |       |     5 |     1 |     2 |     2 |     3 ||    13
   Cast: Foxfire           |    74 |    98 |   142 |   285 |   118 |       |       |       |     2 ||   719
         Scorch            |       |    32 |    48 |    78 |    51 |       |     2 |       |     1 ||   212
         Slow              |       |       |     2 |     7 |     1 |       |       |       |       ||    10
         Sigil of Binding  |       |       |     1 |       |       |       |       |       |       ||     1
         Flame Wave        |       |       |     3 |    16 |    13 |     4 |     1 |       |     1 ||    38
         Volatile Blastmot |       |       |       |    23 |    37 |     4 |     1 |     1 |     1 ||    67
         Vhi's Electric Ch |       |       |       |     4 |     8 |     1 |       |     1 |     1 ||    15
         Irradiate         |       |       |       |    20 |    46 |    37 |    12 |    19 |    78 ||   212
         Blink             |       |       |       |     1 |       |       |       |       |     1 ||     2
         Lee's Rapid Decon |       |       |       |       |   224 |    48 |     5 |    97 |   176 ||   550
         Plasma Beam       |       |       |       |       |   147 |   404 |   315 |   506 |   751 ||  2123
         Death Channel     |       |       |       |       |       |       |     5 |       |       ||     5
         Maxwell's Capacit |       |       |       |       |       |       |     2 |     1 |     1 ||     4
         Disjunction       |       |       |       |       |       |       |       |       |     8 ||     8
         Enfeeble          |       |       |       |       |       |       |       |       |     4 ||     4
         Fire Storm        |       |       |       |       |       |       |       |       |   208 ||   208
 Invoke: Curse Item        |       |       |     2 |     6 |     2 |     2 |       |     1 |       ||    13
         Shatter the Chain |       |       |       |       |     3 |       |       |     1 |       ||     4
  Evoke: Wand              |       |       |       |     2 |       |       |       |       |     5 ||     7
    Use: Scroll            |       |     6 |     3 |     2 |     3 |     1 |       |     3 |    14 ||    32
         Potion            |       |     1 |       |       |     4 |     3 |     4 |     2 |    23 ||    37
 Armour: Robe              |     3 |    14 |    17 |    34 |    62 |       |       |       |       ||   130
         Troll leather arm |       |       |       |       |     6 |    57 |    46 |    67 |   163 ||   339
  Dodge: Dodged            |     6 |     9 |    21 |    83 |    63 |    89 |    39 |    61 |   245 ||   616
  Block: Buckler           |       |       |       |     7 |    20 |    38 |    24 |    21 |    64 ||   174

Levels and vault maps discovered:
D:1:      amcnicky_arrival_abandoned_market, layout_rooms, serial_shops, shop,
          shapermc_ecumenical_altar_hornbeckon, minmay_misc_feat_plants,
          hangedman_decor_growths, minmay_misc_feat_rugged, nrook_mini_vaults
D:2:      layout_basic, serial_shops, nicolae_lakefront_shop, basic_altar
D:3:      layout_rooms
D:4:      layout_gridville, minmay_temple_entry_butterflies
D:5:      layout_rooms, mainiacjoe_overflow_alcove_4,
          hellmonk_okawaru_the_only_friend_you_need, minitemple,
          serial_bayou_lagoon_a, chequers_serial_rivers_room_a, moated_statue,
          corexii_leaking_fountain
D:6:      layout_loops_ring, serial_bayou_pond_e
D:7:      layout_basic, nicolae_yredelemnul_ghost_church, lightli_minifort,
          uniq_menkaure
D:8:      layout_cave_pools, serial_ice, serial_ice_b, serial_ice_g,
          serial_ice_k, serial_ice_d, moated_statue, uniq_maggie
D:9:      layout_irregular_city, hiddenorc1_lemuel, minmay_microvault
D:10:     layout_stronghold, ebering_ghost_rock_garden
D:11:     layout_irregular_city, hellmonk_lair_entry_icy
D:12:     layout_roguey, portal_ice_cave_entry_ice_simulacra,
          serial_library_hellmonk_long_bookcase, kennysheep_island_fort
D:13:     layout_cross, kennysheep_boxes
D:14:     layout_gridville, ximxim_vaults_locker_room, minivault_11,
          minmay_bent, uniq_agnes, uniq_roxanne
D:15:     hangedman_depths_entry_try_elsewhere_first, layout_irregular_city,
          good_gods_mini_temple, grunt_dithmenos_shadows
Temple:   minmay_freezing_vapour_temple
Lair:1:   layout_concentric_octagons, serial_bayou_shore_a
Lair:2:   layout_gridlike
Lair:3:   layout_chaotic_city, nicolae_swamp_entry_spooky, dummy_spider_entry,
          enter_volcano_2, nzn_random_ring
Lair:4:   layout_roguey, minmay_slime_entry_oklob_enclosed
Lair:5:   evil_forest, layout_regular_city, cheibrodos_lair_lostbears,
          uniq_sonja
Swamp:1:  layout_basic_swamp, nicolae_swamp_oxbows, swamp_pool_5,
          infiniplex_staircase_pool
Swamp:2:  layout_basic_swamp, nicolae_swamp_stuck_in_the_mud, swamp_pool_1_2,
          uniq_nikola
Swamp:3:  layout_basic_swamp, evilmike_swamp_ruin_house_5, swamp_pool_4
Swamp:4:  swamp_old_school, layout_basic_swamp, nicolae_swamp_spooky_pond,
          uniq_mlioglotl
Spider:1: layout_spider_delve
Spider:2: layout_cave_pods
Spider:3: nicolae_spider_hall_of_the_moth_king,
          hangedman_spider_tarantella_strand, uniq_aizul
Spider:4: hellmonk_spider_rune_endless_swarm
Orc:1:    layout_caves, nicolae_shop_overcharged_wands
Orc:2:    grunt_orc_cross, layout_diamond_mine, gauntlet_entry_generic
Elf:1:    minmay_elf_arrival_plus, layout_geoelf_grid, serial_shops, shop,
          evilmike_minifort, uniq_norris, uniq_kirke
Elf:2:    nicolae_elf_blades_crystal_corner, layout_gridlike,
          nicolae_alphabet_shops, hangedman_summoners_spam
Elf:3:    minmay_elf_hall_furrowed, layout_gridlike, mu_enter_wizlab_5,
          drop_trap, nicolae_elf_w_pinch, uniq_louise
Vaults:1: nicolae_vaults_heart-shaped_vault,
          nicolae_vaults_doubleplus_tesselated, v_alt_pattern_3, v_pattern_5,
          v_misc_3, layout_vaults_quadrants, serial_shops, bzr_entry_water
Vaults:2: nicolae_vaults_trapezoid_lopsided_4, hangedman_vaults_restitches,
          dpeg_vaults_monster_row, v_misc_31, v_misc_27,
          vaults_standard_mumra_x, nicolae_vaults_hallways_thing,
          nicolae_vaults_weapon_check, nicolae_vaults_apartment_1,
          nicolae_vaults_diamond_1, ontoclasm_vaults_claustrophobia,
          layout_vaults_omnibox
Vaults:3: vaults_dpeg_emergency_exit, nicolae_vaults_network_barrier,
          grunt_vaults_bifocal, vaults_dpeg_hooks,
          nicolae_vaults_closet_pinwheel_4, nicolae_vaults_lightning_bolt,
          serial_ice_g, ontoclasm_vaults_loading_screen,
          ontoclasm_vaults_loading_screen, layout_vaults_chaotic_city,
          minmay_crypt_entry_simple_statues, serial_shops, shop, uniq_boris
Vaults:4: v_alt_pattern_6, vaults_room_pools, vaults_mumra_hex,
          nicolae_vaults_meiosis, nicolae_vaults_thirteen_compartments,
          nicolae_vaults_network_quinsquares
          [nicolae_vaults_network_quincunx_subvault,
          nicolae_vaults_network_quincunx_subvault,
          nicolae_vaults_network_quincunx_subvault,
          nicolae_vaults_network_quincunx_subvault],
          nicolae_vaults_little_squares_3, v_rooms_4, v_alt_pattern_2,
          nicolae_vaults_trapezoid_lopsided_2, nicolae_vaults_tetromino_Z_1,
          vaults_room_grid, nicolae_vaults_house_3, layout_vaults_maze,
          serial_shops, shop
Vaults:5
Crypt:1:  minmay_skeleton_keep, layout_rooms, grunt_megastairs_3
Crypt:2:  layout_rooms, nzn_ghost_randoct, nicolae_crypt_cryptocurrency,
          columned_hall_lemuel, uniq_saint_roka
Crypt:3:  cryptofortress_bobbens, uniq_margery, uniq_jory, uniq_grunn
Depths:1: layout_honeycomb, enter_ziggurat_d, pan_entry,
          kennysheep_another_room, hangedman_geh_valley, minmay_misc_feat_rows,
          abandoned_shop, nicolae_shop_sticking_my_neck_out
Depths:2: dreamdust_cat_pyramid, layout_cave_pools, pan_entry, lightli_too_deep,
          abyss_entry_small_statue_room, nrook_campfire, uniq_josephina
Depths:3: grunt_runaround [grunt_runaround_doors_1, grunt_runaround_doors_2,
          grunt_runaround_doors_3, grunt_runaround_doors_4,
          grunt_runaround_loot], hell_entry, abyss_entry
Depths:4: evilmike_zot_entry_round, layout_gridlike, pf_coc_iceberg,
          nicolae_hepliaklqana_hazy_memory,
          serial_library_regret_index_small_wings, serial_sigils_hangedman_carve
Zot:1:    lemuel_firehouse, layout_concentric_octagons
Zot:2:    bobbens_index_wilting_gardens, layout_gridlike, skrybe_zot_glass_2,
          zot_minivault_1
Zot:3:    layout_gridlike
Zot:4:    layout_gridville, grunt_ministairs_2, nicolae_rock_paper_scissors,
          grunt_megastairs_1, lemuel_elevator
Zot:5:    layout_misc_corridors

Notes
Turn   | Place    | Note
-------+----------+-------------------------------------------
     0 | D:1      | Reached skill level 3 in Spellcasting
     0 | D:1      | Reached skill level 3 in Conjurations
     0 | D:1      | Reached skill level 3 in Hexes
     0 | D:1      | Reached skill level 3 in Summonings
     0 | D:1      | Reached skill level 3 in Necromancy
     0 | D:1      | Reached skill level 3 in Translocations
     0 | D:1      | Reached skill level 3 in Transmutations
     0 | D:1      | Reached skill level 3 in Fire Magic
     0 | D:1      | Reached skill level 3 in Ice Magic
     0 | D:1      | Reached skill level 3 in Air Magic
     0 | D:1      | Reached skill level 3 in Earth Magic
     0 | D:1      | Reached skill level 3 in Poison Magic
     0 | D:1      | Drazool the Djinni Fire Elementalist began the quest for
                  | the Orb.
     0 | D:1      | Drazool set off with the following spells memorised:
                  | Foxfire, Scorch, Volatile Blastmotes, Inner Flame, Flame
                  | Wave.
     0 | D:1      | Reached XP level 1. HP: 15/15 MP: 0/0
   126 | D:1      | Reached XP level 2. HP: 19/21 MP: 0/0
   210 | D:1      | Found Baischutu's General Store.
   269 | D:1      | Reached XP level 3. HP: 17/25 MP: 0/0
   269 | D:1      | Learned a level 1 spell: Slow
   740 | D:1      | Found a faded altar of an unknown god.
   868 | D:2      | Found a sacrificial altar of Ru.
  1037 | D:2      | Reached skill level 4 in Spellcasting
  1037 | D:2      | Reached skill level 4 in Conjurations
  1037 | D:2      | Reached skill level 4 in Hexes
  1037 | D:2      | Reached skill level 4 in Summonings
  1037 | D:2      | Reached skill level 4 in Necromancy
  1037 | D:2      | Reached skill level 4 in Translocations
  1037 | D:2      | Reached skill level 4 in Transmutations
  1037 | D:2      | Reached skill level 4 in Fire Magic
  1037 | D:2      | Reached skill level 4 in Ice Magic
  1037 | D:2      | Reached skill level 4 in Air Magic
  1037 | D:2      | Reached skill level 4 in Earth Magic
  1037 | D:2      | Reached skill level 4 in Poison Magic
  1037 | D:2      | Reached XP level 4. HP: 29/31 MP: 0/0
  1397 | D:2      | Reached XP level 5. HP: 32/35 MP: 0/0
  1397 | D:2      | Learned a level 2 spell: Blink
  1754 | D:2      | Found Bokumm's Distillery.
  1762 | D:2      | Bought a potion of heal wounds for 65 gold pieces
  2501 | D:4      | Reached skill level 5 in Spellcasting
  2501 | D:4      | Reached skill level 5 in Conjurations
  2501 | D:4      | Reached skill level 5 in Hexes
  2501 | D:4      | Reached skill level 5 in Summonings
  2501 | D:4      | Reached skill level 5 in Necromancy
  2501 | D:4      | Reached skill level 5 in Translocations
  2501 | D:4      | Reached skill level 5 in Transmutations
  2501 | D:4      | Reached skill level 5 in Fire Magic
  2501 | D:4      | Reached skill level 5 in Ice Magic
  2501 | D:4      | Reached skill level 5 in Air Magic
  2501 | D:4      | Reached skill level 5 in Earth Magic
  2501 | D:4      | Reached skill level 5 in Poison Magic
  2503 | D:4      | Reached XP level 6. HP: 27/41 MP: 0/0
  2516 | D:4      | Reached skill level 1 in Fighting
  2518 | D:4      | Reached skill level 2 in Fighting
  2932 | D:4      | Found a staircase to the Ecumenical Temple.
  2959 | Temple   | Entered the Ecumenical Temple
  3323 | D:4      | Noticed a black bear
  3328 | D:4      | Killed a black bear
  3329 | D:4      | Reached skill level 3 in Fighting
  3392 | D:5      | Entered Level 5 of the Dungeon
  3408 | D:5      | Reached XP level 7. HP: 45/51 MP: 0/0
  3408 | D:5      | Learned a level 3 spell: Sigil of Binding
  3530 | D:5      | Reached skill level 4 in Fighting
  3812 | D:5      | Found an iron altar of Okawaru.
  3897 | D:5      | Found a bloodstained altar of Trog.
  3906 | D:5      | Reached skill level 5 in Fighting
  3916 | D:5      | Found a glowing silver altar of Zin.
  3917 | D:5      | Found a broken altar of Ashenzari.
  3920 | D:5      | Became a worshipper of Ashenzari the Shackled
  3923 | D:5      | Found a burning altar of Makhleb.
  3981 | D:5      | Found a hide-covered altar of Uskayaw.
  4343 | D:6      | Reached skill level 3 in Dodging
  4793 | D:6      | Reached skill level 4 in Dodging
  4793 | D:6      | Reached XP level 8. HP: 39/59 MP: 0/0
  4872 | D:7      | Reached skill level 5 in Dodging
  4959 | D:7      | Noticed Menkaure
  4986 | D:7      | Killed Menkaure
  5124 | D:7      | Reached skill level 6 in Spellcasting
  5124 | D:7      | Reached skill level 6 in Conjurations
  5124 | D:7      | Reached skill level 6 in Hexes
  5124 | D:7      | Reached skill level 6 in Summonings
  5124 | D:7      | Reached skill level 6 in Necromancy
  5124 | D:7      | Reached skill level 6 in Translocations
  5124 | D:7      | Reached skill level 6 in Transmutations
  5124 | D:7      | Reached skill level 6 in Fire Magic
  5124 | D:7      | Reached skill level 6 in Ice Magic
  5124 | D:7      | Reached skill level 6 in Air Magic
  5124 | D:7      | Reached skill level 6 in Earth Magic
  5124 | D:7      | Reached skill level 6 in Poison Magic
  5192 | D:7      | Found a runed translucent gate.
  5192 | D:7      | Found a runed translucent gate.
  5192 | D:7      | Found a runed translucent gate.
  5192 | D:7      | Noticed pigah's ghost (novice OpSh)
  5194 | D:7      | Found a basalt altar of Yredelemnul.
  5457 | D:7      | Reached XP level 9. HP: 52/65 MP: 0/0
  5457 | D:7      | Learned a level 4 spell: Vhi's Electric Charge
  5550 | D:7      | Reached skill level 7 in Spellcasting
  5550 | D:7      | Reached skill level 7 in Conjurations
  5550 | D:7      | Reached skill level 7 in Hexes
  5550 | D:7      | Reached skill level 7 in Summonings
  5550 | D:7      | Reached skill level 7 in Necromancy
  5550 | D:7      | Reached skill level 7 in Translocations
  5550 | D:7      | Reached skill level 7 in Transmutations
  5550 | D:7      | Reached skill level 7 in Fire Magic
  5550 | D:7      | Reached skill level 7 in Ice Magic
  5550 | D:7      | Reached skill level 7 in Air Magic
  5550 | D:7      | Reached skill level 7 in Earth Magic
  5550 | D:7      | Reached skill level 7 in Poison Magic
  6081 | D:7      | Reached * piety under Ashenzari
  6360 | D:8      | Reached skill level 8 in Spellcasting
  6360 | D:8      | Reached skill level 8 in Conjurations
  6360 | D:8      | Reached skill level 8 in Hexes
  6360 | D:8      | Reached skill level 8 in Summonings
  6360 | D:8      | Reached skill level 8 in Necromancy
  6360 | D:8      | Reached skill level 8 in Translocations
  6360 | D:8      | Reached skill level 8 in Transmutations
  6360 | D:8      | Reached skill level 8 in Fire Magic
  6360 | D:8      | Reached skill level 8 in Ice Magic
  6360 | D:8      | Reached skill level 8 in Air Magic
  6360 | D:8      | Reached skill level 8 in Earth Magic
  6360 | D:8      | Reached skill level 8 in Poison Magic
  6534 | D:8      | Noticed Maggie
  6552 | D:8      | Killed Maggie
  6735 | D:8      | Reached skill level 6 in Dodging
  6931 | D:8      | Reached skill level 6 in Fighting
  6950 | D:8      | Reached XP level 10. HP: 71/73 MP: 0/0
  7079 | D:9      | Reached ** piety under Ashenzari
  7555 | D:9      | Found a staircase to the Orcish Mines.
  7591 | D:9      | Identified the +1 plate armour "Qenail" {Rampage}
  7626 | D:9      | Noticed a kobold demonologist
  7640 | D:9      | Killed a kobold demonologist
  7993 | D:9      | Reached *** piety under Ashenzari
  8167 | D:9      | Reached skill level 1 in Armour
  8278 | D:9      | Noticed a cyclops
  8289 | D:9      | Killed a cyclops
  8290 | D:9      | Reached skill level 2 in Armour
  8349 | D:9      | Reached skill level 7 in Dodging
  8484 | D:10     | Entered Level 10 of the Dungeon
  8676 | D:10     | Found a runed translucent gate.
  8676 | D:10     | Found a runed translucent gate.
  8676 | D:10     | Found a runed translucent gate.
  8814 | D:10     | Reached skill level 2 in Stealth
  8825 | D:10     | Reached skill level 9 in Spellcasting
  8825 | D:10     | Reached skill level 9 in Conjurations
  8825 | D:10     | Reached skill level 9 in Hexes
  8825 | D:10     | Reached skill level 9 in Summonings
  8825 | D:10     | Reached skill level 9 in Necromancy
  8825 | D:10     | Reached skill level 9 in Translocations
  8825 | D:10     | Reached skill level 9 in Transmutations
  8825 | D:10     | Reached skill level 9 in Fire Magic
  8825 | D:10     | Reached skill level 9 in Ice Magic
  8825 | D:10     | Reached skill level 9 in Air Magic
  8825 | D:10     | Reached skill level 9 in Earth Magic
  8825 | D:10     | Reached skill level 9 in Poison Magic
  8988 | D:10     | Reached **** piety under Ashenzari
  9377 | D:10     | Reached XP level 11. HP: 65/86 MP: 0/0
  9377 | D:10     | Learned a level 5 spell: Irradiate
  9550 | D:10     | Noticed Arex's ghost (novice DgFi)
  9598 | D:11     | Reached skill level 7 in Fighting
  9598 | D:11     | Noticed a white ugly thing
  9615 | D:11     | Killed a white ugly thing
  9711 | D:11     | Identified a scroll of acquirement
  9720 | D:11     | Acquired 1011 gold pieces
  9748 | D:11     | Noticed a two-headed ogre
  9769 | D:11     | Reached skill level 8 in Fighting
  9804 | D:11     | Killed a two-headed ogre
  9805 | D:11     | Reached skill level 8 in Dodging
  9941 | D:11     | Found a staircase to the Lair.
 10089 | D:11     | Noticed a boulder beetle
 10111 | D:11     | Killed a boulder beetle
 10112 | D:11     | Reached skill level 9 in Dodging
 10225 | D:11     | Noticed a two-headed ogre
 10244 | D:11     | Killed a two-headed ogre
 10312 | D:11     | Reached ***** piety under Ashenzari
 10751 | Lair:1   | Entered Level 1 of the Lair of Beasts
 10852 | Lair:1   | Reached skill level 10 in Spellcasting
 10852 | Lair:1   | Reached skill level 10 in Conjurations
 10852 | Lair:1   | Reached skill level 10 in Hexes
 10852 | Lair:1   | Reached skill level 10 in Summonings
 10852 | Lair:1   | Reached skill level 10 in Necromancy
 10852 | Lair:1   | Reached skill level 10 in Translocations
 10852 | Lair:1   | Reached skill level 10 in Transmutations
 10852 | Lair:1   | Reached skill level 10 in Fire Magic
 10852 | Lair:1   | Reached skill level 10 in Ice Magic
 10852 | Lair:1   | Reached skill level 10 in Air Magic
 10852 | Lair:1   | Reached skill level 10 in Earth Magic
 10852 | Lair:1   | Reached skill level 10 in Poison Magic
 11071 | Lair:1   | Reached XP level 12. HP: 84/98 MP: 0/0
 11307 | Lair:1   | Reached skill level 1 in Shields
 11451 | Lair:1   | Reached skill level 2 in Shields
 11566 | Lair:1   | Reached skill level 3 in Shields
 12104 | Lair:2   | Reached skill level 11 in Spellcasting
 12104 | Lair:2   | Reached skill level 11 in Conjurations
 12104 | Lair:2   | Reached skill level 11 in Hexes
 12104 | Lair:2   | Reached skill level 11 in Summonings
 12104 | Lair:2   | Reached skill level 11 in Necromancy
 12104 | Lair:2   | Reached skill level 11 in Translocations
 12104 | Lair:2   | Reached skill level 11 in Transmutations
 12104 | Lair:2   | Reached skill level 11 in Fire Magic
 12104 | Lair:2   | Reached skill level 11 in Ice Magic
 12104 | Lair:2   | Reached skill level 11 in Air Magic
 12104 | Lair:2   | Reached skill level 11 in Earth Magic
 12104 | Lair:2   | Reached skill level 11 in Poison Magic
 12696 | Lair:2   | Reached skill level 12 in Spellcasting
 12696 | Lair:2   | Reached skill level 12 in Conjurations
 12696 | Lair:2   | Reached skill level 12 in Hexes
 12696 | Lair:2   | Reached skill level 12 in Summonings
 12696 | Lair:2   | Reached skill level 12 in Necromancy
 12696 | Lair:2   | Reached skill level 12 in Translocations
 12696 | Lair:2   | Reached skill level 12 in Transmutations
 12696 | Lair:2   | Reached skill level 12 in Fire Magic
 12696 | Lair:2   | Reached skill level 12 in Ice Magic
 12696 | Lair:2   | Reached skill level 12 in Air Magic
 12696 | Lair:2   | Reached skill level 12 in Earth Magic
 12696 | Lair:2   | Reached skill level 12 in Poison Magic
 13421 | Lair:3   | Reached XP level 13. HP: 98/103 MP: 0/0
 13421 | Lair:3   | Learned a level 5 spell: Lee's Rapid Deconstruction
 13482 | Lair:3   | Noticed a five-headed hydra
 13494 | Lair:3   | Killed a five-headed hydra
 13669 | Lair:3   | Reached skill level 13 in Spellcasting
 13669 | Lair:3   | Reached skill level 13 in Conjurations
 13669 | Lair:3   | Reached skill level 13 in Hexes
 13669 | Lair:3   | Reached skill level 13 in Summonings
 13669 | Lair:3   | Reached skill level 13 in Necromancy
 13669 | Lair:3   | Reached skill level 13 in Translocations
 13669 | Lair:3   | Reached skill level 13 in Transmutations
 13669 | Lair:3   | Reached skill level 13 in Fire Magic
 13669 | Lair:3   | Reached skill level 13 in Ice Magic
 13669 | Lair:3   | Reached skill level 13 in Air Magic
 13669 | Lair:3   | Reached skill level 13 in Earth Magic
 13669 | Lair:3   | Reached skill level 13 in Poison Magic
 13700 | Lair:3   | Found a dark tunnel.
 13828 | Volcano  | Entered a volcano
 13844 | Volcano  | Noticed an ogre mage
 13872 | Volcano  | Killed an ogre mage
 13922 | Volcano  | Noticed a red draconian
 14195 | Volcano  | Killed a red draconian
 14731 | Lair:3   | Found a hole to the Spider Nest.
 14738 | Lair:3   | Identified a potion of resistance
 14798 | Lair:3   | Reached skill level 14 in Spellcasting
 14798 | Lair:3   | Reached skill level 14 in Conjurations
 14798 | Lair:3   | Reached skill level 14 in Hexes
 14798 | Lair:3   | Reached skill level 14 in Summonings
 14798 | Lair:3   | Reached skill level 14 in Necromancy
 14798 | Lair:3   | Reached skill level 14 in Translocations
 14798 | Lair:3   | Reached skill level 14 in Transmutations
 14798 | Lair:3   | Reached skill level 14 in Fire Magic
 14798 | Lair:3   | Reached skill level 14 in Ice Magic
 14798 | Lair:3   | Reached skill level 14 in Air Magic
 14798 | Lair:3   | Reached skill level 14 in Earth Magic
 14798 | Lair:3   | Reached skill level 14 in Poison Magic
 15040 | Lair:3   | Reached skill level 9 in Fighting
 15479 | Lair:3   | Reached XP level 14. HP: 94/112 MP: 0/0
 15557 | Lair:3   | Found a staircase to the Swamp.
 15574 | Lair:3   | Reached skill level 10 in Fighting
 15799 | Lair:3   | Found the +6 arbalest "Damnation" {damnation}
 16282 | Lair:3   | Reached skill level 11 in Fighting
 16357 | Lair:3   | Reached skill level 1 in Evocations
 16456 | Lair:3   | Reached skill level 2 in Evocations
 16475 | Lair:3   | Reached skill level 3 in Evocations
 16675 | Lair:3   | Reached skill level 4 in Evocations
 16880 | Lair:3   | Reached skill level 5 in Evocations
 17239 | Lair:4   | Identified the +6 mace "Zoentic" {heavy, Will++ Stlth+}
 17427 | Lair:4   | Identified the +6 flail "Qyrghel" {antimagic, rN+ Dex+4
                  | SInv}
 17555 | Lair:4   | Reached skill level 6 in Evocations
 18151 | Lair:4   | Found a viscous altar of Jiyva.
 18203 | Lair:4   | Found a staircase to the Slime Pits.
 18570 | Lair:5   | Entered Level 5 of the Lair of Beasts
 18868 | Lair:5   | Identified the +3 falchion "Pacsoiz" {spect, Str+4 Int+3}
 19100 | Lair:5   | Noticed Sonja
 19112 | Lair:5   | Killed Sonja
 19951 | Lair:5   | Reached XP level 15. HP: 118/121 MP: 0/0
 19951 | Lair:5   | Learned a level 6 spell: Plasma Beam
 20295 | Lair:5   | Reached skill level 15 in Spellcasting
 20295 | Lair:5   | Reached skill level 15 in Conjurations
 20295 | Lair:5   | Reached skill level 15 in Hexes
 20295 | Lair:5   | Reached skill level 15 in Summonings
 20295 | Lair:5   | Reached skill level 15 in Necromancy
 20295 | Lair:5   | Reached skill level 15 in Translocations
 20295 | Lair:5   | Reached skill level 15 in Transmutations
 20295 | Lair:5   | Reached skill level 15 in Fire Magic
 20295 | Lair:5   | Reached skill level 15 in Ice Magic
 20295 | Lair:5   | Reached skill level 15 in Air Magic
 20295 | Lair:5   | Reached skill level 15 in Earth Magic
 20295 | Lair:5   | Reached skill level 15 in Poison Magic
 21207 | Lair:5   | Found a burning altar of Makhleb.
 21530 | Lair:5   | Found a gateway to Hell.
 21793 | D:12     | Found a frozen archway.
 21885 | IceCv    | Entered an ice cave
 22319 | IceCv    | Identified a +0 robe of resistance
 22410 | IceCv    | Noticed a quicksilver ooze
 22412 | IceCv    | Reached skill level 16 in Spellcasting
 22412 | IceCv    | Reached skill level 16 in Conjurations
 22412 | IceCv    | Reached skill level 16 in Hexes
 22412 | IceCv    | Reached skill level 16 in Summonings
 22412 | IceCv    | Reached skill level 16 in Necromancy
 22412 | IceCv    | Reached skill level 16 in Translocations
 22412 | IceCv    | Reached skill level 16 in Transmutations
 22412 | IceCv    | Reached skill level 16 in Fire Magic
 22412 | IceCv    | Reached skill level 16 in Ice Magic
 22412 | IceCv    | Reached skill level 16 in Air Magic
 22412 | IceCv    | Reached skill level 16 in Earth Magic
 22412 | IceCv    | Reached skill level 16 in Poison Magic
 22492 | IceCv    | Killed a quicksilver ooze
 22587 | IceCv    | Noticed a quicksilver ooze
 22589 | IceCv    | Killed a quicksilver ooze
 22589 | IceCv    | Noticed an azure jelly
 22789 | IceCv    | Killed an azure jelly
 22817 | IceCv    | Found a viscous altar of Jiyva.
 22825 | IceCv    | Identified the ring "Fuoridghi" {Ice Slay+3}
 22825 | IceCv    | Identified the +2 mace "Peovvus" {freeze, Will+ Int+3
                  | Stlth+}
 22826 | IceCv    | Identified the ring of the Thoughtful Ears {rC+ MP+9 Int+3}
 22826 | IceCv    | Identified the ring "Zeud" {Ice Contam Str+2 Dex+2 SInv}
 23442 | D:12     | Found the amulet of Vitality {RegenMP++ Regen++}
 24060 | Orc:1    | Entered Level 1 of the Orcish Mines
 24203 | Orc:1    | Reached XP level 16. HP: 119/123 MP: 0/0
 24355 | Orc:2    | Entered Level 2 of the Orcish Mines
 24355 | Orc:2    | Found a staircase to the Elven Halls.
 24385 | Orc:2    | Found a gate leading to a gauntlet.
 24395 | Gauntlet | Entered a Gauntlet
 24395 | Gauntlet | Found a transporter.
 24404 | Gauntlet | Found a transporter.
 24419 | Gauntlet | Found a transporter.
 24424 | Gauntlet | Found a transporter.
 24443 | Gauntlet | Found the ring of the Hare {EV+10}
 24446 | Gauntlet | Found a transporter.
 24460 | Gauntlet | Found a transporter.
 24472 | Gauntlet | Found a transporter.
 24496 | Gauntlet | Found a transporter.
 24505 | Gauntlet | Found a transporter.
 24516 | Gauntlet | Identified the +1 helmet "Potoq" {Dex+3}
 24517 | Gauntlet | Found a transporter.
 24523 | Gauntlet | Found a transporter.
 24545 | Gauntlet | Found a transporter.
 24562 | Gauntlet | Found a transporter.
 24587 | Gauntlet | Found a transporter.
 24589 | Gauntlet | Found a transporter.
 24609 | Gauntlet | Found a transporter.
 24687 | Gauntlet | Found a transporter.
 24719 | Gauntlet | Found a transporter.
 24956 | Gauntlet | Identified the +4 falchion of Kismet {freeze, Str+4}
 25034 | Orc:2    | Reached skill level 17 in Spellcasting
 25034 | Orc:2    | Reached skill level 17 in Conjurations
 25034 | Orc:2    | Reached skill level 17 in Hexes
 25034 | Orc:2    | Reached skill level 17 in Summonings
 25034 | Orc:2    | Reached skill level 17 in Necromancy
 25034 | Orc:2    | Reached skill level 17 in Translocations
 25034 | Orc:2    | Reached skill level 17 in Transmutations
 25034 | Orc:2    | Reached skill level 17 in Fire Magic
 25034 | Orc:2    | Reached skill level 17 in Ice Magic
 25034 | Orc:2    | Reached skill level 17 in Air Magic
 25034 | Orc:2    | Reached skill level 17 in Earth Magic
 25034 | Orc:2    | Reached skill level 17 in Poison Magic
 25206 | Orc:2    | Noticed Urug
 25219 | Orc:2    | Killed Urug
 25342 | Orc:2    | Found Suptesuh's General Store.
 25360 | Orc:2    | Found Linoe's Antique Armour Shop.
 25529 | Orc:2    | Found Fucsiec's Antique Weapon Shop.
 25544 | Orc:2    | Found Goivvaraaz's Jewellery Shop.
 25701 | Orc:2    | Acquired a manual of Evocations
 25941 | D:13     | Reached ****** piety under Ashenzari
 26069 | D:13     | Identified the Compilation of Gelid Peregrination
 26240 | D:13     | Reached skill level 7 in Evocations
 26278 | D:14     | Noticed Agnes
 26282 | D:14     | Killed Agnes
 26329 | D:14     | Reached skill level 8 in Evocations
 26766 | D:14     | Reached skill level 9 in Evocations
 26835 | D:14     | Noticed Roxanne
 26842 | D:14     | Killed Roxanne
 26865 | D:14     | Found a gate to the Vaults.
 27041 | D:15     | Entered Level 15 of the Dungeon
 27048 | D:15     | Found a glowing silver altar of Zin.
 27049 | D:15     | Found a white marble altar of Elyvilon.
 27050 | D:15     | Found a glowing golden altar of the Shining One.
 27097 | D:15     | Identified the +3 leather armour of the Orb Guardian
                  | {Will+}
 27144 | D:15     | Reached skill level 12 in Fighting
 27234 | D:15     | Reached skill level 10 in Evocations
 27236 | D:15     | Reached XP level 17. HP: 122/132 MP: 0/0
 27236 | D:15     | Learned a level 6 spell: Conjure Ball Lightning
 27309 | D:15     | Identified the +0 ring mail of Osmizam {Int+7}
 27413 | D:15     | Found a shadowy altar of Dithmenos.
 27637 | D:15     | Found a staircase to the Depths.
 27893 | Spider:1 | Entered Level 1 of the Spider Nest
 27947 | Spider:1 | Reached skill level 11 in Evocations
 27953 | Lair:3   | Gained mutation: You sometimes lose your temper in combat.
                  | [mutagenic glow]
 27962 | Lair:3   | Lost mutation: You sometimes lose your temper in combat.
                  | [potion of mutation]
 29002 | Spider:2 | Reached skill level 12 in Evocations
 29008 | Spider:2 | Reached skill level 13 in Fighting
 29121 | Spider:2 | Reached skill level 13 in Evocations
 29296 | Spider:2 | Reached skill level 18 in Spellcasting
 29296 | Spider:2 | Reached skill level 18 in Conjurations
 29296 | Spider:2 | Reached skill level 18 in Hexes
 29296 | Spider:2 | Reached skill level 18 in Summonings
 29296 | Spider:2 | Reached skill level 18 in Necromancy
 29296 | Spider:2 | Reached skill level 18 in Translocations
 29296 | Spider:2 | Reached skill level 18 in Transmutations
 29296 | Spider:2 | Reached skill level 18 in Fire Magic
 29296 | Spider:2 | Reached skill level 18 in Ice Magic
 29296 | Spider:2 | Reached skill level 18 in Air Magic
 29296 | Spider:2 | Reached skill level 18 in Earth Magic
 29296 | Spider:2 | Reached skill level 18 in Poison Magic
 29839 | Spider:3 | Identified the +1 leather armour "Jomugog" {Drain Will-
                  | Int+7}
 29904 | Spider:3 | Identified the serpent talisman of Negation {rPois Int+2}
 29904 | Spider:3 | Noticed Aizul
 29955 | Spider:3 | Reached XP level 18. HP: 134/143 MP: 0/0
 29992 | Spider:2 | Killed Aizul
 29993 | Spider:2 | Reached skill level 14 in Evocations
 30047 | Spider:3 | Reached skill level 14 in Fighting
 30640 | Swamp:1  | Entered Level 1 of the Swamp
 30647 | Swamp:1  | Identified the +4 broad axe of Rawk {flame, rC++}
 31082 | Swamp:2  | Noticed Nikola
 31086 | Swamp:2  | Killed Nikola
 31175 | Swamp:2  | Identified the +0 pair of boots "Istraxtu" {rPois}
 31469 | Swamp:2  | Reached skill level 15 in Evocations
 31656 | Swamp:3  | Reached skill level 15 in Fighting
 31813 | Swamp:3  | Reached XP level 19. HP: 139/152 MP: 0/0
 31813 | Swamp:3  | Learned a level 6 spell: Death Channel
 32097 | Swamp:3  | Identified the +8 chain mail of Vaemymn {rPois rF++}
 32363 | Spider:4 | Entered Level 4 of the Spider Nest
 33192 | Spider:4 | Reached skill level 16 in Evocations
 33198 | Spider:4 | Reached skill level 16 in Fighting
 33368 | Spider:4 | Got a gossamer rune of Zot
 33798 | Swamp:4  | Entered Level 4 of the Swamp
 33807 | Swamp:4  | Reached skill level 19 in Spellcasting
 33807 | Swamp:4  | Reached skill level 19 in Conjurations
 33807 | Swamp:4  | Reached skill level 19 in Hexes
 33807 | Swamp:4  | Reached skill level 19 in Summonings
 33807 | Swamp:4  | Reached skill level 19 in Necromancy
 33807 | Swamp:4  | Reached skill level 19 in Translocations
 33807 | Swamp:4  | Reached skill level 19 in Transmutations
 33807 | Swamp:4  | Reached skill level 19 in Fire Magic
 33807 | Swamp:4  | Reached skill level 19 in Ice Magic
 33807 | Swamp:4  | Reached skill level 19 in Air Magic
 33807 | Swamp:4  | Reached skill level 19 in Earth Magic
 33807 | Swamp:4  | Reached skill level 19 in Poison Magic
 33813 | Swamp:4  | Noticed a tentacled monstrosity
 33821 | Swamp:4  | Killed a tentacled monstrosity
 34032 | Swamp:4  | Reached XP level 20. HP: 152/162 MP: 0/0
 34065 | Swamp:4  | Noticed Mlioglotl
 34074 | Swamp:4  | Killed Mlioglotl
 34131 | Swamp:4  | Noticed the 27-headed Lernaean hydra
 34133 | Swamp:4  | Killed the 27-headed Lernaean hydra
 34240 | Swamp:4  | Got a decaying rune of Zot
 35064 | Vaults:1 | Entered Level 1 of the Vaults
 35074 | D:14     | Reached skill level 17 in Evocations
 35126 | Vaults:1 | Reached skill level 17 in Fighting
 35164 | Vaults:1 | Found a flickering gateway to a bazaar.
 35198 | Bazaar   | Entered a bazaar
 35201 | Bazaar   | Found Firaxoda's Weapon Boutique.
 35212 | Bazaar   | Found Ceosak's Magic Scroll Shop.
 35216 | Bazaar   | Found Fojueq's General Store.
 35220 | Bazaar   | Bought a scroll of fear for 40 gold pieces
 35220 | Bazaar   | Bought a scroll of enchant armour for 75 gold pieces
 35220 | Bazaar   | Bought a scroll of fog for 40 gold pieces
 35226 | Bazaar   | Bought a scroll of summoning for 76 gold pieces
 35226 | Bazaar   | Bought a potion of experience for 400 gold pieces
 35226 | Bazaar   | Bought a potion of mutation for 64 gold pieces
 35226 | Bazaar   | Bought a scroll of enchant armour for 60 gold pieces
 35226 | Bazaar   | Bought 2 potions of resistance for 160 gold pieces
 35248 | Bazaar   | Found Hybi's Magic Scroll Emporium.
 35256 | Bazaar   | Bought a scroll of enchant armour for 90 gold pieces
 35256 | Bazaar   | Bought a scroll of revelation for 90 gold pieces
 35256 | Bazaar   | Bought a scroll of blinking for 90 gold pieces
 35258 | Bazaar   | Found Xirajam's Book Boutique.
 35276 | Bazaar   | Reached skill level 11 in Dodging
 35276 | Bazaar   | Reached XP level 21. HP: 169/169 MP: 0/0
 35276 | Bazaar   | Learned a level 8 spell: Maxwell's Capacitive Coupling
 36569 | Vaults:2 | Reached XP level 22. HP: 168/178 MP: 0/0
 36715 | Vaults:2 | Reached skill level 18 in Evocations
 36884 | Vaults:2 | Reached skill level 12 in Dodging
 37170 | Vaults:2 | Identified the +1 chain mail of Inevitability {rElec rN+
                  | Will+ rCorr}
 37306 | Vaults:2 | Reached skill level 13 in Dodging
 37476 | Vaults:3 | Reached skill level 14 in Dodging
 37500 | Vaults:3 | Found a staircase to the Crypt.
 37609 | Vaults:3 | Identified a +2 robe of resistance
 37609 | Vaults:3 | Noticed Boris
 37615 | Vaults:3 | Killed Boris
 37865 | Vaults:3 | Reached skill level 15 in Dodging
 38351 | Vaults:3 | Found Hyrhyiw's General Store.
 38749 | Vaults:4 | Reached XP level 23. HP: 146/184 MP: 0/0
 38749 | Vaults:4 | Learned a level 7 spell: Enfeeble
 38772 | Vaults:4 | Reached skill level 16 in Dodging
 38917 | Vaults:4 | Noticed Boris
 38921 | Vaults:4 | Killed Boris
 39077 | Vaults:4 | Reached skill level 17 in Dodging
 39378 | Vaults:4 | Reached skill level 18 in Dodging
 39763 | Vaults:4 | Found Veytz's Book Shop.
 40125 | Elf:1    | Entered Level 1 of the Elven Halls
 40132 | Elf:1    | Reached skill level 3 in Armour
 40193 | Elf:1    | Reached skill level 4 in Armour
 40345 | Elf:1    | Noticed Norris
 40350 | Elf:1    | Reached skill level 5 in Armour
 40355 | Elf:1    | Killed Norris
 40385 | Elf:1    | Identified the +8 lajatang of Imbalance {venom, *Noise
                  | rCorr Str+8 Dex-5}
 40413 | Elf:1    | Noticed Kirke
 40415 | Elf:1    | Killed Kirke
 40571 | Elf:1    | Found Qicoedgh's Jewellery Boutique.
 40608 | Elf:1    | Reached skill level 6 in Armour
 40937 | Elf:1    | Reached skill level 7 in Armour
 41001 | Elf:1    | Paralysed by an air elemental for 1 turns
 41003 | Elf:1    | Paralysed by an air elemental for 1 turns
 41100 | Elf:2    | Found Suefioz's Superlative Supplies.
 41102 | Elf:2    | Paralysed by an air elemental for 1 turns
 41271 | Elf:2    | Paralysed by an air elemental for 1 turns
 41272 | Elf:2    | Reached skill level 8 in Armour
 41273 | Elf:2    | Paralysed by an air elemental for 1 turns
 41696 | Elf:2    | Found a runed translucent gate.
 41697 | Elf:2    | Found a runed translucent gate.
 41697 | Elf:2    | Found a runed translucent gate.
 41742 | Elf:3    | Entered Level 3 of the Elven Halls
 41757 | Elf:3    | Reached skill level 9 in Armour
 41789 | Elf:3    | Noticed Louise
 41794 | Elf:3    | Killed Louise
 42020 | Elf:3    | Reached XP level 24. HP: 158/191 MP: 0/0
 42101 | Elf:3    | Found a magical portal.
 42110 | WizLab   | Entered Doroklohe's Tomb
 42180 | Elf:3    | Reached skill level 10 in Armour
 42306 | Elf:3    | Reached skill level 11 in Armour
 42486 | Elf:3    | Acquired 591 gold pieces
 42561 | Elf:3    | Identified the +1 quarterstaff of Gaoring {flame, rElec
                  | rF+}
 42561 | Elf:3    | Identified the amulet of Zosmydum {Spirit rN+ Str+2}
 42615 | Elf:3    | Reached skill level 12 in Armour
 42654 | Elf:3    | Identified the ring "Reaxye" {Contam rElec rPois Int+6
                  | Stlth+} (You took it off a deep elf sorcerer on level 3 of
                  | the Elven Halls)
 42675 | Elf:3    | Identified the +2 dagger "Dyofid" {freeze, Str+2} (You took
                  | it off a deep elf annihilator on level 3 of the Elven
                  | Halls)
 42744 | Elf:3    | Identified the +6 sling of the Hummingbird {elec, Int+3}
 42841 | Elf:3    | Identified the staff of the Past {rC+ Str+3 Earth}
 42843 | Elf:3    | Identified the staff "Vytijeqe" {rF+ rC+ rCorr Int+2 SInv
                  | Fire}
 43189 | Depths:1 | Entered Level 1 of the Depths
 43252 | Depths:1 | Reached skill level 13 in Armour
 43300 | Depths:1 | Found Egi Quoq's Neck Hole.
 43570 | Depths:1 | Found a one-way gateway to a ziggurat.
 43671 | Depths:1 | Found a one-way gate leading to the halls of Pandemonium.
 43961 | Depths:2 | Reached skill level 14 in Armour
 44161 | Depths:2 | Identified the ring of the Heavens {Ice rN++ Str-2 SInv}
 44161 | Depths:2 | Noticed Josephina
 44163 | Depths:2 | Killed Josephina
 44422 | Depths:2 | Reached skill level 15 in Armour
 44537 | Depths:2 | Found a one-way gate to the infinite horrors of the Abyss.
 44886 | Depths:3 | Reached XP level 25. HP: 187/193 MP: 0/0
 44886 | Depths:3 | Learned a level 8 spell: Disjunction
 44974 | Depths:3 | Reached skill level 16 in Armour
 45147 | Depths:3 | Reached skill level 17 in Armour
 45593 | Depths:3 | Reached skill level 18 in Armour
 45722 | Depths:4 | Entered Level 4 of the Depths
 46110 | Depths:4 | Found a hazy altar of Hepliaklqana.
 46183 | Depths:4 | Reached skill level 19 in Armour
 46321 | Depths:4 | Reached skill level 20 in Summonings
 46388 | Depths:4 | Reached skill level 20 in Spellcasting
 46388 | Depths:4 | Reached skill level 20 in Conjurations
 46388 | Depths:4 | Reached skill level 20 in Hexes
 46388 | Depths:4 | Reached skill level 20 in Necromancy
 46388 | Depths:4 | Reached skill level 20 in Translocations
 46388 | Depths:4 | Reached skill level 20 in Transmutations
 46388 | Depths:4 | Reached skill level 20 in Fire Magic
 46388 | Depths:4 | Reached skill level 20 in Ice Magic
 46388 | Depths:4 | Reached skill level 20 in Air Magic
 46388 | Depths:4 | Reached skill level 20 in Earth Magic
 46388 | Depths:4 | Reached skill level 20 in Poison Magic
 46442 | Depths:4 | Reached XP level 26. HP: 181/200 MP: 0/0
 46488 | Depths:4 | Found a gate to the Realm of Zot.
 47230 | Crypt:1  | Entered Level 1 of the Crypt
 47428 | Crypt:1  | Noticed a curse skull
 47432 | Crypt:1  | Killed a curse skull
 47760 | Crypt:1  | Reached skill level 21 in Summonings
 47916 | Crypt:1  | Noticed a curse skull
 47918 | Crypt:1  | Killed a curse skull
 48205 | Crypt:2  | Reached skill level 22 in Summonings
 48213 | Crypt:2  | Noticed Uniexadu's ghost (adept GrFi)
 48214 | Crypt:2  | Found a transporter.
 48214 | Crypt:2  | Noticed a curse skull
 48234 | Crypt:2  | Reached skill level 21 in Spellcasting
 48234 | Crypt:2  | Reached skill level 21 in Conjurations
 48234 | Crypt:2  | Reached skill level 21 in Hexes
 48234 | Crypt:2  | Reached skill level 21 in Necromancy
 48234 | Crypt:2  | Reached skill level 21 in Translocations
 48234 | Crypt:2  | Reached skill level 21 in Transmutations
 48234 | Crypt:2  | Reached skill level 21 in Fire Magic
 48234 | Crypt:2  | Reached skill level 21 in Ice Magic
 48234 | Crypt:2  | Reached skill level 21 in Air Magic
 48234 | Crypt:2  | Reached skill level 21 in Earth Magic
 48234 | Crypt:2  | Reached skill level 21 in Poison Magic
 48366 | Crypt:2  | Noticed Saint Roka
 48370 | Crypt:2  | Killed Saint Roka
 48484 | Crypt:2  | Noticed a curse skull
 48507 | Crypt:2  | Identified the amulet of Jeczip {Acrobat Str+6 Slay+2}
 48524 | Crypt:2  | Found a transporter.
 48568 | Crypt:2  | Noticed Goociwk's ghost (adept GrFi)
 48764 | Crypt:3  | Entered Level 3 of the Crypt
 48966 | Crypt:3  | Noticed Jory
 48990 | Crypt:3  | Killed Jory
 48992 | Crypt:3  | Noticed an ancient lich
 48993 | Crypt:3  | Killed an ancient lich
 48994 | Crypt:3  | Reached skill level 23 in Summonings
 49165 | Crypt:3  | Noticed Grunn
 49169 | Crypt:3  | Killed Grunn
 49313 | Crypt:3  | Found a staircase to the Tomb.
 49342 | Crypt:3  | Found a basalt altar of Yredelemnul.
 49348 | Crypt:3  | Identified the ring of Joase {Fly rN+++ rCorr Str+3 Dex-5}
 49544 | Crypt:3  | Reached XP level 27. HP: 201/205 MP: 0/0
 49544 | Crypt:3  | Learned a level 9 spell: Fire Storm
 49579 | Crypt:3  | Identified the Spellbook of the Clam
 49953 | Vaults:5 | Entered Level 5 of the Vaults
 49958 | Vaults:5 | Reached skill level 22 in Spellcasting
 49958 | Vaults:5 | Reached skill level 22 in Conjurations
 49958 | Vaults:5 | Reached skill level 22 in Hexes
 49958 | Vaults:5 | Reached skill level 22 in Necromancy
 49958 | Vaults:5 | Reached skill level 22 in Translocations
 49958 | Vaults:5 | Reached skill level 22 in Transmutations
 49958 | Vaults:5 | Reached skill level 22 in Fire Magic
 49958 | Vaults:5 | Reached skill level 22 in Ice Magic
 49958 | Vaults:5 | Reached skill level 22 in Air Magic
 49958 | Vaults:5 | Reached skill level 22 in Earth Magic
 49958 | Vaults:5 | Reached skill level 22 in Poison Magic
 49960 | Vaults:5 | Reached skill level 24 in Summonings
 50030 | Vaults:5 | Reached skill level 25 in Summonings
 50084 | Vaults:5 | Noticed Boris
 50090 | Vaults:5 | Killed Boris
 50098 | Vaults:5 | Reached skill level 23 in Spellcasting
 50098 | Vaults:5 | Reached skill level 23 in Conjurations
 50098 | Vaults:5 | Reached skill level 23 in Hexes
 50098 | Vaults:5 | Reached skill level 23 in Necromancy
 50098 | Vaults:5 | Reached skill level 23 in Translocations
 50098 | Vaults:5 | Reached skill level 23 in Transmutations
 50098 | Vaults:5 | Reached skill level 23 in Fire Magic
 50098 | Vaults:5 | Reached skill level 23 in Ice Magic
 50098 | Vaults:5 | Reached skill level 23 in Air Magic
 50098 | Vaults:5 | Reached skill level 23 in Earth Magic
 50098 | Vaults:5 | Reached skill level 23 in Poison Magic
 50178 | Vaults:5 | Reached skill level 26 in Summonings
 50376 | Vaults:5 | Identified Asmodeus's Precepts of the Torch and the
                  | Gathering
 50601 | Vaults:5 | Got a silver rune of Zot
 50992 | Vaults:5 | Identified the Precepts of the Three Visionaries
 51060 | Vaults:5 | Identified the amulet "Pigaichi" {RegenMP Dex+2}
 51454 | Zot:1    | Entered Level 1 of the Realm of Zot
 51823 | Zot:1    | Reached skill level 27 in Summonings
 52172 | Zot:1    | Reached skill level 18 in Fighting
 52667 | Zot:2    | Reached skill level 19 in Fighting
 52786 | Zot:2    | Reached skill level 20 in Fighting
 53098 | Zot:2    | Noticed a curse toe
 53104 | Zot:2    | Killed a curse toe
 53201 | Zot:2    | Noticed a curse toe
 53205 | Zot:2    | Killed a curse toe
 53206 | Zot:2    | Reached skill level 21 in Fighting
 53295 | Zot:2    | Noticed a curse toe
 53312 | Zot:2    | Killed a curse toe
 53394 | Zot:2    | Identified Ydghe Soy's Folio of Atmospheric Generation
 53669 | Zot:2    | Noticed a Killer Klown
 53671 | Zot:2    | Killed a Killer Klown
 54238 | Zot:3    | Reached skill level 22 in Fighting
 54254 | Zot:3    | Acquired 652 gold pieces
 54665 | Zot:3    | Identified the +0 rapier "Viugy" {heavy, Int+2}
 54778 | Zot:4    | Noticed an electric golem
 54781 | Zot:4    | Killed an electric golem
 55079 | Zot:3    | Gained mutation: You occasionally lose the ability to read
                  | scrolls when taking damage. [mutagenic glow]
 55080 | Zot:3    | Lost mutation: You occasionally lose the ability to read
                  | scrolls when taking damage. [potion of mutation]
 55080 | Zot:3    | Gained mutation: Your muscles are strong. (Str +4, Int/Dex
                  | -1) [potion of mutation]
 55080 | Zot:3    | Gained mutation: You are agile. (Dex +4, Str/Int -1)
                  | [potion of mutation]
 55080 | Zot:3    | Gained mutation: Your body sometimes deteriorates upon
                  | taking damage. [potion of mutation]
 55080 | Zot:3    | Gained mutation: You are strong-willed. (Will+) [potion of
                  | mutation]
 55081 | Zot:3    | Lost mutation: Your muscles are strong. (Str +4, Int/Dex
                  | -1) [potion of mutation]
 55081 | Zot:3    | Lost mutation: You are strong-willed. (Will+) [potion of
                  | mutation]
 55081 | Zot:3    | Gained mutation: You do not regenerate when monsters are
                  | visible. [potion of mutation]
 55081 | Zot:3    | Gained mutation: Your mind is acute. (Int +4, Str/Dex -1)
                  | [potion of mutation]
 55082 | Zot:3    | Lost mutation: Your mind is acute. (Int +4, Str/Dex -1)
                  | [potion of mutation]
 55082 | Zot:3    | Lost mutation: You are agile. (Dex +4, Str/Int -1) [potion
                  | of mutation]
 55082 | Zot:3    | Lost mutation: Your body sometimes deteriorates upon taking
                  | damage. [potion of mutation]
 55082 | Zot:3    | Gained mutation: Your spells are a little easier to cast,
                  | but a little less powerful. [potion of mutation]
 55083 | Zot:3    | Lost mutation: Your spells are a little easier to cast, but
                  | a little less powerful. [potion of mutation]
 55083 | Zot:3    | Lost mutation: You do not regenerate when monsters are
                  | visible. [potion of mutation]
 55083 | Zot:3    | Gained mutation: You are somewhat resistant to further
                  | mutation. [potion of mutation]
 55209 | Zot:4    | Noticed a curse toe
 55214 | Zot:4    | Killed a curse toe
 55220 | Zot:4    | Reached skill level 23 in Fighting
 55722 | Zot:4    | Reached skill level 24 in Fighting
 55796 | Zot:4    | Noticed a Killer Klown
 55798 | Zot:4    | Killed a Killer Klown
 55993 | Zot:5    | Entered Level 5 of the Realm of Zot
 56103 | Zot:5    | Noticed a Killer Klown
 56124 | Zot:5    | Killed a Killer Klown
 56174 | Zot:5    | Noticed a curse toe
 56189 | Zot:5    | Killed a curse toe
 56428 | Zot:5    | Reached skill level 19 in Dodging
 56432 | Zot:5    | Noticed an electric golem
 56437 | Zot:5    | Killed an electric golem
 56466 | Zot:5    | Noticed an orb of fire
 56478 | Zot:5    | Killed an orb of fire
 56512 | Zot:5    | Killed a Killer Klown
 56515 | Zot:5    | Noticed an orb of fire
 56521 | Zot:5    | Killed an orb of fire
 56559 | Zot:5    | Killed a Killer Klown
 56587 | Zot:5    | Noticed a dread lich
 56589 | Zot:5    | Killed a dread lich
 56590 | Zot:5    | Reached skill level 20 in Dodging
 56754 | Zot:5    | Noticed an electric golem
 56757 | Zot:5    | Killed an electric golem
 56768 | Zot:5    | Noticed a dread lich
 56772 | Zot:5    | Noticed a Killer Klown
 56772 | Zot:5    | Noticed a dread lich
 56773 | Zot:5    | Killed a dread lich
 56778 | Zot:5    | Noticed a Killer Klown
 56779 | Zot:5    | Killed a dread lich
 56780 | Zot:5    | Reached skill level 21 in Dodging
 56780 | Zot:5    | Killed a Killer Klown
 56789 | Zot:5    | Killed a Killer Klown
 56800 | Zot:5    | Noticed a dread lich
 56801 | Zot:5    | Noticed a dread lich
 56803 | Zot:5    | Killed a dread lich
 56804 | Zot:5    | Killed a dread lich
 56833 | Zot:5    | Noticed an orb of fire
 56839 | Zot:5    | Killed an orb of fire
 56850 | Zot:5    | Noticed a Killer Klown
 56853 | Zot:5    | Killed a Killer Klown
 56854 | Zot:5    | Reached skill level 22 in Dodging
 56883 | Zot:5    | Got the Orb of Zot
 56951 | Zot:5    | Noticed Boris
 56955 | Zot:5    | Killed Boris
 57630 | D:1      | Noticed Arruts the pandemonium lord
 57636 | D:$      | Escaped with the Orb!

Vanquished Creatures
  4 dread liches (Zot:5)
  3 orbs of fire (Zot:5)
  An ancient lich (Crypt:3)
  Boris (thrice) (Vaults:3 Vaults:4 Zot:5)
  Josephina (Depths:2)
  the Lernaean hydra (Swamp:4)
  7 Killer Klowns
  5 curse toes
  Saint Roka (Crypt:2)
  3 golden dragons
  3 bone dragons
  Norris (Elf:1)
  Jory (Crypt:3)
  Nikola (Swamp:2)
  2 doom hounds (Crypt:3)
  3 electric golems
  21 tentacled monstrosities
  Mlioglotl (Swamp:4)
  11 liches
  2 walking crystal tomes
  3 titans
  24 Orb Guardians
  8 quicksilver dragons
  A walking divine tome (Zot:4)
  2 walking earthen tomes
  3 deep elf blademasters (Elf:3)
  Grunn (Crypt:3)
  3 walking frostbound tomes
  11 sphinxes
  4 deep elf master archers (Elf:3)
  15 death cobs
  2 ancient champions (Crypt:2)
  Agnes (D:14)
  Aizul (Spider:2)
  18 storm dragons
  Kirke (Elf:1)
  17 shadow dragons
  10 tengu reavers
  4 fire giants
  7 draconian knights
  A revenant (Crypt:1)
  Roxanne (D:14)
  9 draconian monks
  5 narguns (Zot:4)
  3 fenstrider witches
  An azure jelly (IceCv)
  5 deep elf elementalists
  15 vault wardens
  Louise (Elf:3)
  5 emperor scorpions
  6 deep elf sorcerers
  7 draconian scorchers
  An iron dragon (Depths:3)
  6 draconian stormcallers
  15 ghost moths
  A balrug (Depths:2)
  7 frost giants
  3 ghouls (Crypt:1)
  9 draconian shifters
  17 ironbound preservers
  2 curse skulls (Crypt:1)
  A reaper (Depths:4)
  4 war gargoyles (Crypt:3)
  4 orc warlords
  2 quicksilver oozes (IceCv)
  5 broodmothers (Spider:4)
  2 spriggan defenders
  7 ironbound thunderhulks
  A juggernaut skeleton (Crypt:1)
  18 stone giants
  4 formless jellyfish
  4 vampire knights
  22 very ugly things
  4 draconian annihilators
  11 green draconians
  4 deep elf demonologists
  5 eleionomae
  9 black draconians
  A lorocyproca (D:8)
  11 purple draconians
  2 demonspawn black suns
  9 deep elf annihilators
  19 red draconians
  16 yellow draconians
  A minotaur (Gauntlet)
  11 spark wasps
  10 white draconians
  6 dire elephants
  9 bunyips
  13 fire dragons
  17 ettins
  9 deep elf death magi
  A jiangshi (Vaults:3)
  8 entropy weavers
  10 yaktaur captains
  7 deep elf high priests
  3 crystal guardians (Crypt:3)
  A mummy priest (Elf:2)
  A shambling mangrove (Swamp:3)
  A merfolk javelineer (Depths:2)
  3 great orbs of eyes
  7 ice dragons
  30 vault guards
  2 peacekeepers (Vaults:3)
  A spriggan zombie (Crypt:3)
  A caustic shrike simulacrum (Depths:2)
  21 hydras
  2 rakshasas
  14 centaur warriors
  An alligator (shapeshifter) (Vaults:5)
  An ogre mage (Volcano)
  13 ironbound frosthearts
  5 spriggan air magi
  6 boulder beetles
  3 catoblepae
  5 jorogumos
  2 spriggan skeletons (Crypt:1)
  12 alligators
  3 ghost crabs
  7 radroaches
  8 death yaks
  2 fenstrider witch skeletons
  A death knight (Crypt:2)
  11 two-headed ogres
  A death yak (shapeshifter) (Vaults:5)
  2 deep troll shamans (Depths:3)
  3 death scarabs
  A hell hog (Gauntlet)
  A titan zombie (Crypt:3)
  6 vampire magi
  A bennu skeleton (Crypt:2)
  25 dancing weapons
  9 deep troll earth magi
  7 demonic crawlers
  4 spriggan berserkers
  An occultist (Depths:3)
  4 tengu warriors
  Urug (Orc:2)
  8 deep elf knights
  3 orc high priests
  11 spriggans
  A titan skeleton (Crypt:1)
  Sonja (Lair:5)
  2 sun demons
  3 skysharks
  7 pharaoh ants
  A spectral death yak (Lair:3)
  A shadow wraith (Vaults:5)
  6 iron trolls
  A golden dragon zombie (Crypt:3)
  12 hell knights
  5 goliath frogs
  3 sixfirhies
  A skyshark (shapeshifter) (Depths:3)
  30 skeletal warriors
  4 spriggan druids
  51 deep trolls
  4 shadow demons
  16 orb spiders
  3 glowing orange brains
  3 flayed ghosts
  9 deep elf archers
  9 phantasmal warriors
  8 bog bodies
  A shadow dragon zombie (Crypt:1)
  13 swamp dragons
  A lindwurm (shapeshifter) (Vaults:5)
  7 steelbarb worms
  10 necromancers
  3 lindwurms
  9 arcanists
  10 harpies
  10 orc knights
  2 anaconda skeletons
  19 ironbound convokers
  A sphinx simulacrum (Depths:2)
  22 wolf spiders
  2 oklob plants
  A tengu zombie (Depths:1)
  A shining eye (shapeshifter) (Vaults:5)
  4 orc sorcerers
  A wolf spider (shapeshifter) (Depths:4)
  A salamander (D:15)
  23 deep elf pyromancers
  15 deep elf zephyrmancers
  A spectral boulder beetle (Gauntlet)
  6 will-o-the-wisps
  3 manticores
  26 moths of wrath
  4 cyclopes
  A dire elephant zombie (Crypt:1)
  32 ugly things
  A glowing shapeshifter (Vaults:5)
  An iron dragon skeleton (Crypt:1)
  A shadow dragon skeleton (Crypt:1)
  A moth of wrath (shapeshifter) (Vaults:5)
  3 black mambas
  2 stone giant skeletons
  A black mamba (shapeshifter) (Elf:1)
  A human skeleton (Crypt:1)
  An alligator snapping turtle zombie (Crypt:3)
  22 vault sentinels
  7 torpor snails
  An orange demon (Zot:2)
  4 smoke demons
  2 ice statues (IceCv)
  3 naga skeletons
  2 unseen horrors
  Maggie (D:8)
  A storm dragon simulacrum (Depths:2)
  5 centaur skeletons (Crypt:1)
  17 cane toads
  A swamp worm zombie (Crypt:2)
  3 freezing wraiths
  9 kobold demonologists
  A pale draconian zombie (Crypt:1)
  10 rime drakes
  An efreet (Zot:1)
  A white draconian zombie (Crypt:2)
  13 komodo dragons
  2 dire elephant skeletons (Crypt:1)
  4 ice devils (Lair:5)
  2 alligator snapping turtle skeletons (Crypt:1)
  29 yaktaurs
  4 tengu conjurers (D:14)
  A harpy zombie (Crypt:3)
  A meliai (shapeshifter) (D:14)
  6 trolls
  2 red devils (Lair:5)
  A troll (shapeshifter) (D:14)
  6 tyrant leeches
  4 bloated husks
  11 polar bears
  11 meliai
  4 glass eyes
  5 dream sheep
  A raiju (shapeshifter) (Elf:1)
  11 hornets
  5 harpy skeletons (Crypt:1)
  A stone giant simulacrum (Crypt:1)
  A spectral black mamba (Lair:3)
  26 tarantellas
  A fire dragon zombie (Crypt:3)
  19 blink frogs
  2 hydra skeletons (Crypt:1)
  8 air elementals
  A human simulacrum (Vaults:3)
  20 culicivoras
  3 shadows
  44 slime creatures
  A fire dragon skeleton (Crypt:1)
  40 jumping spiders
  A fire giant simulacrum (Depths:1)
  An ice dragon zombie (Crypt:1)
  A culicivora (shapeshifter) (D:15)
  46 flying skulls
  9 water elementals
  4 wraiths
  10 humans (D:14)
  8 basilisks
  4 wyverns
  20 fire elementals
  10 fire bats
  A dire elephant simulacrum (Crypt:1)
  A black mamba skeleton (Crypt:1)
  48 yaks
  2 ettin skeletons
  3 golden eyes (D:15)
  An unseen horror simulacrum (D:8)
  5 hogs (Elf:1)
  8 vampire mosquitoes
  A steam dragon (D:9)
  A redback (shapeshifter) (Depths:3)
  60 redbacks
  Menkaure (D:7)
  2 acid dragons
  A demonspawn zombie (Crypt:2)
  16 swamp worms
  4 wargs
  13 water moccasins
  5 great orb of eyes simulacra (IceCv)
  10 swamp drakes
  5 hell hounds
  A black bear (shapeshifter) (Elf:3)
  35 orc warriors
  6 ice beasts
  A black bear (D:4)
  A sky beast (D:7)
  8 ogres
  A tengu (shapeshifter) (D:14)
  13 wolves
  An ogre (shapeshifter) (Depths:3)
  12 boggarts
  14 centaurs
  A swamp dragon skeleton (Crypt:2)
  2 slime creature simulacra (IceCv)
  A spectral rime drake (Gauntlet)
  5 kobold brigands
  10 bullfrogs
  A komodo dragon skeleton (Crypt:1)
  A two-headed ogre simulacrum (D:12)
  2 gnoll sergeants
  A scorpion (D:7)
  3 elf skeletons
  6 necrophages (Crypt:3)
  An earth elemental (Elf:1)
  5 glowing shapeshifter simulacra
  A salamander skeleton (Crypt:1)
  An elephant simulacrum (D:12)
  7 killer bees (D:11)
  5 electric eels
  4 howler monkeys (D:12)
  5 hounds
  2 lava snakes (Lair:3)
  2 centaur zombies (D:7)
  2 gnoll boudas
  2 jellies (D:6)
  20 orc priests
  2 human zombies
  17 orc wizards
  2 iguanas
  A polar bear simulacrum (D:12)
  A wolf simulacrum (D:12)
  A centaur simulacrum (D:8)
  A killer bee simulacrum (D:8)
  16 gnolls
  4 naga simulacra (D:12)
  9 adders
  6 white imps
  A howler monkey simulacrum (D:8)
  2 ufetubi (D:6)
  2 worms
  A dart slug (D:4)
  72 orcs
  5 bats
  10 endoplasms
  A giant cockroach (shapeshifter) (Depths:3)
  6 giant cockroaches
  5 goblins
  6 hobgoblins
  7 jackals
  25 kobolds
  2 quokkas
  5 ball pythons
  5 frilled lizards
  A kobold skeleton (Crypt:2)
  6 rats
  2 butterflies
  10 fire vortices
2375 creatures vanquished.

Vanquished Creatures (collateral kills)
  A dread lich (Zot:5)
  A Killer Klown (Zot:5)
  Boris (Vaults:5)
  An Orb Guardian (Zot:5)
  2 storm dragons
  A demonspawn corrupter (Depths:4)
  2 white draconians
  A green draconian (Zot:5)
  A yellow draconian (Zot:2)
  A vault guard (Vaults:5)
  A boulder beetle (Spider:4)
  A spriggan (Swamp:3)
  A death drake (shapeshifter) (Vaults:5)
  A swamp dragon (Swamp:3)
  2 hornets (Swamp:3)
  A swamp worm (Swamp:3)
  A boggart (Vaults:1)
  23 foxfires
43 creatures vanquished.

Vanquished Creatures (others)
  A draconian knight (Zot:1)
  A vault guard (D:14)
  A bloated husk (Swamp:1)
  A swamp worm (Swamp:1)
  239 fire vortices
  1226 foxfires
1469 creatures vanquished.

Grand Total: 3887 creatures vanquished

Table legend: (Time is in decaauts)
 A = Elapsed time spent in this place.
 B = Non-inter-level travel time spent in this place.
 C = Inter-level travel time spent in this place.
 D = Time resting spent in this place.
 E = Time spent auto-exploring this place.
 F = Levels seen in this place.
 G = Mean time per level.
                   A        B        C        D        E       F      G
               +--------+--------+--------+--------+--------+-----+--------+
         Total |  57646 |  52839 |   4807 |   6586 |  35345 |  56 | 1029.4 |
       Dungeon |  15212 |  13521 |   1691 |    995 |  10387 |  15 | 1014.1 |
        Temple |      1 |      1 |      0 |      0 |      0 |   1 |    1.0 |
          Lair |  10859 |  10079 |    780 |   2599 |   5924 |   5 | 2171.8 |
         Swamp |   2659 |   2443 |    216 |    200 |   1607 |   4 |  664.8 |
   Spider Nest |   3841 |   3564 |    277 |    140 |   2724 |   4 |  960.2 |
  Orcish Mines |   1147 |   1039 |    108 |     11 |    740 |   2 |  573.5 |
   Elven Halls |   2886 |   2734 |    152 |    117 |   1968 |   3 |  962.0 |
        Vaults |   6072 |   5591 |    481 |    210 |   4113 |   5 | 1214.4 |
         Crypt |   2679 |   2571 |    108 |    205 |   1672 |   3 |  893.0 |
        Depths |   4240 |   3627 |    613 |    535 |   2149 |   4 | 1060.0 |
           Zot |   5653 |   5276 |    377 |    737 |   3212 |   5 | 1130.6 |
        Bazaar |     93 |     93 |      0 |      0 |     59 |   1 |   93.0 |
      Ice Cave |   1041 |   1041 |      0 |    428 |    375 |   1 | 1041.0 |
       Volcano |    666 |    666 |      0 |    400 |    108 |   1 |  666.0 |
        Wizlab |      6 |      6 |      0 |      0 |      0 |   1 |    6.0 |
      Gauntlet |    584 |    584 |      0 |      7 |    307 |   1 |  584.0 |
               +--------+--------+--------+--------+--------+-----+--------+

Top non-repeatable levels by time:
  Lair:3: 3292 daAuts
  Lair:5: 2687 daAuts
  Lair:4: 1742 daAuts
  Lair:2: 1618 daAuts
  Lair:1: 1518 daAuts
    D:11: 1500 daAuts
   Zot:2: 1484 daAuts
    D:12: 1393 daAuts
     D:7: 1390 daAuts
Vaults:3: 1386 daAuts
Depths:4: 1341 daAuts
Spider:4: 1306 daAuts
Vaults:1: 1295 daAuts
Depths:3: 1284 daAuts
Vaults:4: 1262 daAuts

Table legend:
 A = Non-vault XP
 B = Vault XP
 C = Vault XP percentage of total XP
 D = Non-vault monster count
 E = Vault monster count
 F = Vault count percentage of total count
                 A         B        C        D         E       F
            +---------+---------+-------+---------+---------+-------
      Total |  728219 |  759394 |  51.0 |    1397 |     970 |  41.0
            +---------+---------+-------+---------+---------+-------
        D:1 |      46 |       0 |   0.0 |      29 |       0 |   0.0
        D:2 |     102 |       0 |   0.0 |      24 |       0 |   0.0
        D:3 |     100 |       0 |   0.0 |      16 |       0 |   0.0
        D:4 |     260 |       0 |   0.0 |      18 |       0 |   0.0
        D:5 |     253 |       0 |   0.0 |       9 |       0 |   0.0
        D:6 |     285 |       0 |   0.0 |       7 |       0 |   0.0
        D:7 |    1296 |     473 |  26.7 |      22 |       6 |  21.4
        D:8 |      72 |    1032 |  93.5 |       9 |       9 |  50.0
        D:9 |    1326 |     913 |  40.8 |      24 |      18 |  42.9
       D:10 |    1649 |       0 |   0.0 |      16 |       0 |   0.0
       D:11 |    4460 |    1414 |  24.1 |      20 |       8 |  28.6
       D:12 |    7532 |    1579 |  17.3 |      35 |      11 |  23.9
       D:13 |    2393 |       0 |   0.0 |       7 |       0 |   0.0
       D:14 |   14746 |    9102 |  38.2 |      29 |      20 |  40.8
       D:15 |    5050 |    2493 |  33.1 |      15 |       5 |  25.0
     Lair:1 |    4527 |       0 |   0.0 |      17 |       0 |   0.0
     Lair:2 |    9439 |       0 |   0.0 |      39 |       0 |   0.0
     Lair:3 |   14997 |    8566 |  36.4 |      53 |      21 |  28.4
     Lair:4 |    5428 |     663 |  10.9 |      18 |       2 |  10.0
     Lair:5 |   13208 |   11629 |  46.8 |      36 |      30 |  45.5
    Swamp:1 |   10038 |     397 |   3.8 |      21 |       3 |  12.5
    Swamp:2 |   15668 |    2122 |  11.9 |      26 |       1 |   3.7
    Swamp:3 |   19816 |       0 |   0.0 |      31 |       0 |   0.0
    Swamp:4 |   18126 |   23790 |  56.8 |      27 |      32 |  54.2
   Spider:1 |   15414 |       0 |   0.0 |      38 |       0 |   0.0
   Spider:2 |   28391 |    1581 |   5.3 |      64 |       2 |   3.0
   Spider:3 |   17200 |    7265 |  29.7 |      45 |       9 |  16.7
   Spider:4 |   23315 |   23013 |  49.7 |      58 |      42 |  42.0
      Orc:1 |    3461 |       0 |   0.0 |      41 |       0 |   0.0
      Orc:2 |    1603 |    7742 |  82.8 |      19 |      39 |  67.2
      Elf:1 |   10213 |   17785 |  63.5 |      19 |      29 |  60.4
      Elf:2 |    5932 |   12503 |  67.8 |      12 |      19 |  61.3
      Elf:3 |   21228 |   37847 |  64.1 |      34 |      32 |  48.5
   Vaults:1 |   29549 |   14451 |  32.8 |      54 |      23 |  29.9
   Vaults:2 |   35970 |   23500 |  39.5 |      53 |      29 |  35.4
   Vaults:3 |   30238 |   10203 |  25.2 |      46 |      11 |  19.3
   Vaults:4 |   22156 |   30076 |  57.6 |      27 |      43 |  61.4
   Vaults:5 |   22101 |   93431 |  80.9 |      25 |      92 |  78.6
    Crypt:1 |   14186 |   28716 |  66.9 |      28 |      53 |  65.4
    Crypt:2 |   17642 |    3358 |  16.0 |      26 |       9 |  25.7
    Crypt:3 |       0 |   62109 | 100.0 |       0 |      95 | 100.0
   Depths:1 |   18761 |     769 |   3.9 |      23 |       1 |   4.2
   Depths:2 |   19489 |   12016 |  38.1 |      23 |      12 |  34.3
   Depths:3 |    3368 |   82256 |  96.1 |       7 |      80 |  92.0
   Depths:4 |   37076 |   15130 |  29.0 |      42 |      12 |  22.2
      Zot:1 |   32126 |   11813 |  26.9 |      30 |      31 |  50.8
      Zot:2 |   18980 |   56979 |  75.0 |      15 |      41 |  73.2
      Zot:3 |   24435 |       0 |   0.0 |      20 |       0 |   0.0
      Zot:4 |   57695 |   23936 |  29.3 |      48 |      18 |  27.3
      Zot:5 |   66873 |   97609 |  59.3 |      52 |      37 |  41.6
      IceCv |       0 |    9609 | 100.0 |       0 |      27 | 100.0
    Volcano |       0 |    6755 | 100.0 |       0 |       8 | 100.0
   Gauntlet |       0 |    4769 | 100.0 |       0 |      10 | 100.0
            +---------+---------+-------+---------+---------+-------
